AoeStats
← AgustinVB

MegaRandom

506778345Analyzed
3v3 RM · 17d ago on Sep 15, 2026· 42m 54s· 6 players
Game mode
Random Map
Map size
Normal (6 player)
Population
200
Speed
Normal
Resources
Standard
Victory
Conquest
Starting age
Dark Age
Ending age
Imperial Age
RankedLock teamsTeams togetherTeam positionsShared explorationLock speedFull tech treeHidden civsTurbo modeCheats
Victory
Defeat
🇵🇪 Huns · Peru
1113
+13
🇵🇪 Vietnamese · Peru
995
+18
🇵🇪 Bulgarians · Peru
977
+18
🇵🇪 Mongols · Peru
1064
-18
🇵🇪 Spanish · Peru
1062
-17
🇵🇪 Vietnamese · Peru
969
-14
Execute290
8:40 Loom
11:18 Feudal Age
15:23 Castle Age
13:13 Double-Bit Axe
15:11 Fletching
15:21 Padded Archer Armor
16:04 Bodkin Arrow
19:51 Leather Archer Armor
20:30 Gold Mining
22:57 Thumb Ring
25:56 Bloodlines
28:58 Ballistics
32:45 Horse Collar
33:17 Bow Saw
33:45 Wheelbarrow
37:13 Imperial Age
35:23 Marauders
35:27 Husbandry
35:33 Scale Barding Armor
35:38 Forging
37:28 Chain Barding Armor
37:44 Iron Casting
38:21 Gold Shaft Mining
41:49 Elite Tarkan
Dipsy
0:30 Loom
12:45 Feudal Age
13:19 Double-Bit Axe
17:41 Castle Age
17:10 Horse Collar
18:10 Forging
18:03 Scale Mail Armor
18:43 Loom
19:19 Bow Saw
23:07 Iron Casting
22:38 Scale Barding Armor
22:35 Heavy Plow
23:20 Bloodlines
23:10 Husbandry
29:13 Chain Barding Armor
29:33 Demolition Ship
29:55 Demolition Ship
35:55 Imperial Age
34:05 Wheelbarrow
36:11 Hand Cart
35:42 Town Watch
36:04 Cavalier
37:48 Blast Furnace
39:54 Crop Rotation
40:49 Murder Holes
41:15 Ballistics
41:04 Fletching
41:41 Bodkin Arrow
42:22 Plate Barding Armor
El rayo Mcuin
2:48 Loom
13:16 Feudal Age
14:19 Double-Bit Axe
15:08 Man-at-Arms
21:09 Castle Age
20:43 Arson
23:25 Bow Saw
25:25 Horse Collar
26:28 Fletching
28:55 Ballistics
34:36 Imperial Age
38:35 Two-Man Saw
39:29 Padded Archer Armor
39:24 Bodkin Arrow
41:22 Treadmill Crane
41:53 Elite Rattan Archer
43:21 Bracer
43:40 Leather Archer Armor
LUISELWUEBAS
11:57 Feudal Age
12:15 Loom
16:09 Double-Bit Axe
22:18 Castle Age
21:55 Fishing Lines
23:48 Gillnets
27:30 Horse Collar
30:56 Bow Saw
31:30 Heavy Plow
34:14 Scale Barding Armor
34:20 Forging
38:51 Imperial Age
37:01 Bloodlines
38:18 Wheelbarrow
42:42 Fletching
42:52 Padded Archer Armor
SrMevliz
5:04 Loom
10:47 Feudal Age
11:03 Loom
11:23 Double-Bit Axe
18:54 Stone Mining
18:54 Gold Mining
23:10 Castle Age
22:13 Horse Collar
23:00 Padded Archer Armor
22:50 Fletching
23:36 Elite Skirmisher
25:08 Leather Archer Armor
24:48 Bodkin Arrow
25:17 Bow Saw
28:47 Wheelbarrow
29:05 Ballistics
30:25 Thumb Ring
32:06 Heavy Plow
36:48 Imperial Age
38:51 Chemistry
38:04 Imperial Skirmisher
42:15 Bracer
AgustinVB
7:20 Loom
7:35 Loom
9:25 Feudal Age
11:48 Double-Bit Axe
14:36 Castle Age
12:48 Double-Bit Axe
12:52 Loom
15:20 Fletching
16:06 Bow Saw
16:07 Padded Archer Armor
21:33 Crossbowman
22:53 Town Watch
24:57 Ballistics
27:03 Stone Mining
28:38 Horse Collar
29:40 Wheelbarrow
32:39 Bodkin Arrow
34:02 Gold Mining
35:09 Leather Archer Armor
37:16 Hand Cart
42:23 Imperial Age
40:44 Thumb Ring
Connection lost

Rejoining the realm…

Still unreachable

The connection could not be restored.

Session expired

The server has moved on; the page needs a fresh start.